AoeStats
← sebi201

Arabia

509844532Analyzed
1v1 RM · 3d ago on Sep 28, 2026· 34m 4s· 2 players
Game mode
Random Map
Map size
Tiny (2 player)
Population
200
Speed
Normal
Resources
Standard
Victory
Conquest
Starting age
Dark Age
Ending age
Imperial Age
RankedLock teamsTeams togetherTeam positionsShared explorationLock speedFull tech treeHidden civsTurbo modeCheats
Victory
Defeat
🇫🇷 Khmer · France
865
+14
🇨🇿 Persians · Czechia
814
-14
Itz H ² o
8:02 Loom
11:06 Feudal Age
15:34 Castle Age
14:31 Double-Bit Axe
15:03 Horse Collar
17:22 Bow Saw
22:12 Wheelbarrow
23:59 Forging
24:39 Gold Mining
26:11 Husbandry
26:22 Bloodlines
28:50 Scale Barding Armor
29:20 Iron Casting
30:04 Chain Barding Armor
33:59 Hand Cart
sebi201
6:16 Loom
9:06 Feudal Age
10:10 Double-Bit Axe
10:06 Horse Collar
18:24 Castle Age
20:29 Scale Barding Armor
21:47 Bow Saw
24:19 Scale Mail Armor
25:44 Heavy Plow
25:40 Gold Mining
25:41 Stone Mining
26:03 Husbandry
26:47 Chain Barding Armor
26:52 Pikeman
33:34 Squires
Connection lost

Rejoining the realm…

Still unreachable

The connection could not be restored.

Session expired

The server has moved on; the page needs a fresh start.